 Dungeon Crawl Stone Soup version 0.26.1-2-gb8aa6d0cf2 (webtiles) character file.

Game seed: 14523137471546325673

847 FishyPogo the Ruffian (level 7, -1/70 HPs)
             Began as a Troll Berserker on Feb 24, 2021.
             Was a Priest of Trog.
             Slain by a gnoll
             ... wielding a +0 whip
              (4 damage)
             ... on level 5 of the Dungeon.
             The game lasted 00:12:37 (3599 turns).

FishyPogo the Ruffian (Troll Berserker)             Turns: 3599, Time: 00:12:37

Health: -1/70      AC:  7    Str: 28    XL:     7   Next: 68%
Magic:  6/6        EV: 11    Int:  3    God:    Trog [***...]
Gold:   296        SH:  0    Dex:  9    Spells: 6/6 levels left

rFire    . . .     SeeInvis .     - Unarmed
rCold    + . .     Faith    +   (no shield)
rNeg     . . .     Spirit   .   a - +1 animal skin
rPois    .         Reflect  .   (helmet restricted)
rElec    .         Harm     .   (no cloak)
rCorr    .         Rampage  .   (gloves unavailable)
Will     .....                  (boots unavailable)
Stlth    +.........             r - amulet of faith
HPRegen  0.61/turn              i - ring of protection from cold
MPRegen  0.10/turn              (no ring)

@: lethally poisoned (-1 -> -19)
A: large, unfitting armour, claws 3, regeneration 1, shaggy fur 1, tough skin 3
a: Renounce Religion, Berserk, Trog's Hand


You were on level 5 of the Dungeon.
You worshipped Trog.
Trog was most pleased with you.
You visited 1 branch of the dungeon, and saw 5 of its levels.
You also visited: Ossuary.

You collected 296 gold pieces.

Inventory:

Hand Weapons
 C - a +5 club
Missiles
 b - 151 stones (quivered)
 c - 18 poisoned darts
Armour
 a - a +1 animal skin (worn)
Jewellery
 i - a ring of protection from cold (left claw)
 r - an amulet of faith (around neck)
 y - an uncursed amulet of guardian spirit {unknown}
Wands
 A - a wand of flame (8)
 B - a wand of disintegration (15)
Scrolls
 g - 4 scrolls of remove curse
 h - a scroll of fog
 l - 2 scrolls of identify
 p - 3 scrolls of enchant weapon
 t - 4 scrolls of amnesia
Potions
 d - 3 potions of degeneration
 e - a potion of berserk rage {unknown}
 f - a potion of might {unknown}
 k - a potion of magic {unknown}
 o - a potion of mutation {unknown}
 q - a potion of attraction {unknown}
 s - a potion of resistance
 u - 3 potions of curing {unknown}
 v - 3 potions of heal wounds {unknown}
 w - a potion of flight {unknown}
 z - a potion of haste


   Skills:
 + Level 4.0 Fighting
 + Level 3.2 Throwing
 + Level 4.0 Dodging
 * Level 6.2 Unarmed Combat


You had 6 spell levels left.
You didn't know any spells.
Your spell library contained the following spells:

 Spells                   Type           Power        Failure   Level
 Confusing Touch          Hex            0%           88%         3
 Gell's Gravitas          Tloc           0%           88%         3
 Petrify                  Tmut/Erth      0%           99%         4
 Metabolic Englaciation   Hex/Ice        0%           100%        5
 Yara's Violent Unravell  Hex/Tmut       0%           100%        5


Dungeon Overview and Level Annotations

Branches:
Dungeon (5/15)             Temple (0/1) D:4         Ossuary (visited)

Altars:
Cheibriados
Dithmenos
Fedhas
Gozag
Nemelex Xobeh
Qazlal
Yredelemnul
The Shining One


Innate Abilities, Weirdness & Mutations

You are too large for most types of armour.
You have claws for hands.
Your natural rate of healing is unusually fast.
You are covered in fur. (AC +1)
You have extremely tough skin. (AC +3)


Message History

* * * LOW HITPOINT WARNING * * *
You are more poisoned.
A hound zombie comes into view.
The gnoll hits you with a +0 flail.
* * * LOW HITPOINT WARNING * * *
You closely miss the gnoll sergeant.
The gnoll sergeant is lightly wounded.
You feel sick. The gnoll misses you.
A gnoll comes into view. It is wielding a +0 club.
The gnoll hits you from afar with a +0 spear.
* * * LOW HITPOINT WARNING * * *
The gnoll sergeant hits you with a +3 spear of venom.
* * * LOW HITPOINT WARNING * * *
You are more poisoned.
You barely miss the gnoll sergeant.
The gnoll sergeant is lightly wounded.
* * * LOW HITPOINT WARNING * * *
You feel very sick. The gnoll hits you with a +0 whip.
You die...

### #...# ##8##
#...# ###...# #...#
..#...###...#
####.#.....∩...#
#....#...###...# #
#.##.#...# #...#
...##.#g##.##8##
#...#
.....gZ@.[.####
#...# ...###gg##.#
#...# #..##)# #...#
###....(# #...#
c..g....#######...#
...........#.###..#
###.######.#.# ##.#
#. #.#.# #.# .
######.#.## #.#


You could see a gnoll sergeant, 4 gnolls and a hound zombie.

Vanquished Creatures
  Menkaure (D:4)
  Edmund (D:4)
  A centaur (D:5)
  3 water moccasin zombies (Ossuary)
  A hound (D:5)
  2 orc wizards (D:3)
  An iguana (D:4)
  Ijyb (D:5)
  A worker ant (D:4)
  2 mummies (Ossuary)
  6 adders
  A white imp (D:5)
  7 adder zombies (Ossuary)
  2 worms (D:2)
  A dart slug (D:3)
  4 leopard geckos
  11 orcs
  2 ball pythons
  2 bats (D:2)
  2 giant cockroaches
  8 goblins
  3 hobgoblins
  5 jackals
  6 kobolds
  2 quokkas
  4 frilled lizards
  A gnoll zombie (Ossuary)
  3 hobgoblin zombies (Ossuary)
  4 kobold zombies (Ossuary)
  5 orc zombies (Ossuary)
  2 quokka skeletons
  6 rats
101 creatures vanquished.

Vanquished Creatures (others)
  A giant cockroach (D:4)
1 creature vanquished.

Grand Total: 102 creatures vanquished

Notes
Turn   | Place    | Note
-------+----------+-------------------------------------------
     0 | D:1      | FishyPogo the Troll Berserker began the quest for the Orb.
     0 | D:1      | Reached XP level 1. HP: 22/22 MP: 0/0
   288 | D:1      | Reached XP level 2. HP: 29/29 MP: 1/1
   943 | D:2      | Reached XP level 3. HP: 36/36 MP: 2/2
  1166 | D:2      | Reached skill level 1 in Throwing
  1169 | D:2      | Reached ** piety under Trog
  1605 | D:3      | Reached XP level 4. HP: 39/44 MP: 3/3
  1612 | D:3      | Reached skill level 4 in Unarmed Combat
  1729 | D:3      | Found a snail-covered altar of Cheibriados.
  1882 | D:3      | Reached XP level 5. HP: 40/53 MP: 4/4
  2349 | D:3      | Found an opulent altar of Gozag.
  2549 | D:4      | Found a glowing golden altar of the Shining One.
  2549 | D:4      | Noticed Menkaure
  2554 | D:4      | Killed Menkaure
  2555 | D:4      | Reached XP level 6. HP: 61/61 MP: 5/5
  2555 | D:4      | Noticed an angel
  2588 | D:4      | Found a basalt altar of Yredelemnul.
  2590 | D:4      | Noticed a profane servitor
  2675 | D:4      | Reached skill level 5 in Unarmed Combat
  2681 | D:4      | Noticed Edmund
  2691 | D:4      | Killed Edmund
  2917 | D:4      | Found a blossoming altar of Fedhas.
  2917 | D:4      | Found a shadowy altar of Dithmenos.
  2955 | D:4      | Found a staircase to the Ecumenical Temple.
  2975 | D:4      | Found a stormy altar of Qazlal.
  3123 | D:5      | Entered Level 5 of the Dungeon
  3123 | D:5      | Noticed Ijyb
  3131 | D:5      | Killed Ijyb
  3138 | D:5      | Reached *** piety under Trog
  3231 | D:5      | Reached XP level 7. HP: 68/68 MP: 6/6
  3234 | D:5      | Found a sparkling altar of Nemelex Xobeh.
  3281 | D:5      | Found a sand-covered staircase.
  3291 | Ossuary  | Entered an ossuary
  3399 | Ossuary  | Reached skill level 6 in Unarmed Combat
  3599 | D:5      | HP: 3/70 [poisoned by a gnoll sergeant]
  3599 | D:5      | Slain by a gnoll

Illustrated notes

Levels and vault maps discovered:
D:1:      grunt_arrival_crossed_arrows, layout_basic
D:2:      layout_rooms, st_stairs_1
D:3:      layout_loops_corners, general_overflow_altar, cheibriados_altar_1
D:4:      layout_loops_ring, grunt_temple_overflow_holy_war,
          nicolae_overflow_hidden_temple,
          chequers_temple_overflow_statue_of_worship,
          minmay_temple_entry_antechambers, uniq_edmund, uniq_menkaure
D:5:      layout_loops_ring, nicolae_overflow_crystal_walls,
          gammafunk_ghost_stat_death, chequers_ossuary_entry_cave, basic_altar,
          kennysheep_generic_room_12, uniq_ijyb

Skill      XL: |  1  2  3  4  5  6  7 |
---------------+----------------------+-----
Throwing       | 1 2 3 |  3.2
Unarmed Combat | 4 5 6 |  6.2
Dodging        | 3 4 |  4.0
Fighting       | 3 4 |  4.0

Action                   |  1- 3 |  4- 6 |  7- 9 || total
-------------------------+-------+-------+-------++-------
Melee: Unarmed           |   125 |    95 |   109 ||   329
       Punch             |       |     1 |     1 ||     2
Throw: Stone             |    29 |       |       ||    29
Invok: Berserk           |       |     3 |       ||     3
  Use: Scroll            |       |     3 |    10 ||    13
 Stab: Sleeping          |     1 |       |     1 ||     2
Armor: Animal skin       |    47 |    18 |    38 ||   103
Dodge: Dodged            |    52 |    46 |    61 ||   159
